 Dungeon Sprint DCSS version 0.28-a0-1087-gf3fc490d9d (webtiles) character file.

Game seed: 12826828550139880450

38367 rocky1 the Formicid Aeon (level 14, -13/128 HPs)
             Began as a Formicid Fighter on Dec 11, 2021.
             Was the Champion of Cheibriados.
             Mangled by a naga warrior (23 damage)
             ... in the Dungeon (Sprint VII: "The Pits").
             The game lasted 00:22:19 (4939 turns).

rocky1 the Formicid Aeon (Formicid Fighter)         Turns: 4939, Time: 00:22:21

Health: -13/128    AC: 15    Str: 40    XL:     14   Next: 33%
Magic:  11/27      EV: 24    Int: 24    God:    Cheibriados [******]
Gold:   54         SH:  9    Dex: 25    Spells: 13/13 levels left

rFire   . . .      SeeInvis +   a - +2 scimitar (holy)
rCold   + . .      Faith    .   c - +0 buckler
rNeg    . . .      Spirit   .   C - +2 ring mail {rC+}
rPois   .          Reflect  .   (helmet unavailable)
rElec   .          Harm     .   (no cloak)
rCorr   .          Rampage  .   (no gloves)
Will    +....                   o - +0 pair of boots
Stlth   +.........              (no amulet)
HPRegen 0.31/turn               n - +3 ring of protection
MPRegen 0.20/turn               l - +3 ring of evasion

@: lethally poisoned (-13 -> -17), constricted, very slow
A: permanent stasis, dig shafts and tunnels, antennae 3, four strong arms
a: Dig, Renounce Religion, Bend Time, Temporal Distortion, Slouch, Step From
Time


You were in the Dungeon.
You worshipped Cheibriados.
Cheibriados was exalted by your worship.
You visited 1 branch You collected 54 gold pieces.

Inventory:

Hand Weapons
 a - a +2 scimitar of holy wrath (weapon)
 b - a +0 arbalest
 k - a +0 long sword of flaming
 B - the +7 shortbow "Qehigats" {venom, rCorr}
   (You found it in the Dungeon)

   Any ammunition fired from it poisons the flesh of those it strikes.
   rCorr:     It protects you from acid and corrosion.
 G - a +1 battleaxe of freezing
Missiles
 D - 22 bolts
Armour
 c - a +0 buckler (worn)
 o - a +0 pair of boots (worn)
 p - a +4 chain mail
 C - a +2 ring mail of cold resistance (worn)
 J - a +1 ring mail of fire resistance
Magical Staves
 u - a staff of earth
Jewellery
 l - a +3 ring of evasion (right hand)
 n - a +3 ring of protection (left hand)
 q - a ring of protection from cold
 A - a +4 ring of protection
 F - a ring of poison resistance
 I - a +6 ring of intelligence
Scrolls
 i - 5 scrolls of amnesia
 j - a scroll of summoning
 r - 2 scrolls of identify
 t - a scroll of brand weapon
 v - a scroll of fear
 x - 4 scrolls of enchant weapon
 y - 5 scrolls of enchant armour
 z - a scroll of fog
Potions
 e - 8 potions of curing
 f - 4 potions of heal wounds
 g - a potion of magic
 h - 2 potions of invisibility
 m - 2 potions of mutation
 s - a potion of flight
 w - a potion of resistance
Miscellaneous
 E - a phantom mirror
 H - a lightning rod (4/4)


   Skills:
 + Level 17.5 Fighting
 - Level 14.5 Long Blades
 + Level 8.6 Crossbows
 + Level 17.4 Armour
 + Level 14.6 Dodging
 + Level 14.7 Shields
 + Level 19.2 Invocations
 + Level 6.3 Evocations


You had 13 spell levels left.
You didn't know any spells.
Your spell library contained the following spells:

 Spells                   Type           Power      Damage    Failure   Level
 Ensorcelled Hibernation  Hex/Ice        0%         N/A       26%         2
 Conjure Flame            Conj/Fire      0%         6-21      45%         3
 Ignite Poison            Fire/Tmut/Pois 0%         N/A       45%         3
 Spider Form              Tmut/Pois      0%         N/A       45%         3
 Cause Fear               Hex            0%         N/A       86%         4
 Sticky Flame             Conj/Fire      0%         2d3       86%         4
 Summon Ice Beast         Ice/Summ       0%         N/A       86%         4
 Summon Mana Viper        Hex/Summ       0%         N/A       99%         5
 Dragon Form              Tmut           0%         N/A       100%        7
 Monstrous Menagerie      Summ           0%         N/A       100%        7
 Dragon's Call            Summ           0%         N/A       100%        9


Dungeon Overview and Level Annotations

Branches:
Dungeon (1/1)

Altars:
Ashenzari
Cheibriados
Dithmenos
Elyvilon
Fedhas
Gozag
Hepliaklqana
Kikubaaqudgha
Makhleb
Nemelex Xobeh
Okawaru
Qazlal
Ru
Sif Muna
Trog
Uskayaw
Vehumet
Wu Jian
Xom
Yredelemnul
Zin
The Shining One
Beogh
Jiyva
Lugonu


Innate Abilities, Weirdness & Mutations

You cannot be hasted, slowed, berserked, paralysed or teleported.
You can dig through walls and to a lower floor.
You have a pair of large antennae on your head. (SInv)
Your four strong arms can wield two-handed weapons with a shield.


Message History

The naga warrior goes into a battle-frenzy!
You completely miss the purple draconian.
The purple draconian is severely wounded.
The purple draconian hits you with a +0 glaive.
You block the naga warrior's attack.
You are too injured to fight recklessly!
You are too injured to fight recklessly!
You feel much better.
The naga warrior hits you with a +0 glaive!!
You block the naga warrior's attack.
A deep elf knight comes into view. It is wielding a +0 scimitar.
The purple draconian barely misses you. The naga warrior misses you.
Unknown command.
Okay, then.
You are too injured to fight recklessly!
You are too injured to fight recklessly!
You are too injured to fight recklessly!
You are too injured to fight recklessly!
You slice the purple draconian!!
You kill the purple draconian!
Cheibriados thoroughly appreciates the change of pace.
The naga warrior hits you with a +0 glaive!!!
* * * LOW HITPOINT WARNING * * *
The naga warrior grabs you. The naga warrior constricts you.
* * * LOW HITPOINT WARNING * * *
The naga warrior spits poison at you. The splash of poison hits you.
You are poisoned.
* * * LOW HITPOINT WARNING * * *
Unknown command.
Unknown command.
Okay, then.
Okay, then.
As you read the scroll of fear, it crumbles to dust.
You assume a fearsome visage.
The deep elf knight easily resists.
The naga warrior looks frightened!
The naga warrior easily resists. x2
The naga warrior looks frightened!
You feel sick.
The naga warrior no longer looks unusually strong.
The naga warrior hits you from afar with a +0 trident!!
You die...

.......# .......# ....#..# {
.......+ {{ { {{ .......+ {{ { {
{ { +####''#
+####''##########################
...##...........NN........[......
##.##......[....@)NNe.....)......
.'.##..##############')##########
.#.##..# {#.....)..#{ )'.##..#
#.#))))#.# |#.##..# ......N.....
+#.##..# #.#.#...)#.#.# ##..#
#..).)..N....# #.)#
{{{#.#.#....#.#. { #####..#
.......... ..


You could see 4 naga warriors and a deep elf knight.

Vanquished Creatures
  A death cob (D)
  A nagaraja (D)
  A frost giant (D)
  2 orc warlords (D)
  A vampire knight (D)
  A purple draconian (D)
  A deep elf death mage (D)
  An eidolon (D)
  A hydra (D)
  2 merfolk avatars (D)
  3 death yaks (D)
  A deep troll earth mage (D)
  A deep troll shaman (D)
  An orc high priest (D)
  A deep elf knight (D)
  A shadow wraith (D)
  A sun demon (D)
  2 fire crabs (D)
  A sixfirhy (D)
  An iron troll (D)
  A deep troll (D)
  A swamp dragon (D)
  A flayed ghost (D)
  A sea snake (D)
  A spriggan druid (D)
  12 orc knights (D)
  A deep elf zephyrmancer (D)
  A lindwurm (D)
  A large abomination (D)
  2 deep elf pyromancers (D)
  A necromancer (D)
  Pikel (D)
  An ugly thing (D)
  A black mamba (D)
  2 elephants (D)
  Joseph (D)
  A smoke demon (D)
  2 unseen horrors (D)
  A yaktaur (D)
  A rime drake (D)
  A cane toad (D)
  2 hellwings (D)
  A guardian mummy (D)
  A red devil (D)
  A wandering mushroom (D)
  3 ice devils (D)
  A merfolk (D)
  3 jumping spiders (D)
  A troll (D)
  A hornet (D)
  Sigmund (D)
  A spriggan (D)
  6 redbacks (D)
  A tarantella (D)
  A wraith (D)
  2 wyverns (D)
  A steam dragon (D)
  A chaos spawn (D)
  3 vampire mosquitoes (D)
  A small abomination (D)
  Edmund (D)
  A water moccasin (D)
  An orc warrior (D)
  A swamp drake (D)
  A floating eye (D)
  An ice beast (D)
  An ogre (D)
  A sky beast (D)
  11 wolves (D)
  A centaur (D)
  4 lemures (D)
  A bullfrog (D)
  4 scorpions (D)
  A gnoll sergeant (D)
  4 wights (D)
  2 crimson imps (D)
  A quasit (D)
  An orc wizard (D)
  A hell rat (D)
  6 gnolls (D)
  An adder (D)
  A white imp (D)
  An ufetubus (D)
  2 adder zombies (D)
  A worm (D)
  A bat skeleton (D)
  An endoplasm (D)
  A goblin (D)
  A hobgoblin (D)
  2 ball python skeletons (D)
  3 bats (D)
  A frilled lizard (D)
  A jackal zombie (D)
154 creatures vanquished.

Notes
Turn   | Place    | Note
-------+----------+-------------------------------------------
     0 | D        | rocky1 the Formicid Fighter began the quest for the Orb.
     0 | D        | Reached XP level 1. HP: 18/18 MP: 1/1
    45 | D        | Found a bloodstained altar of Trog.
    45 | D        | Found a shimmering blue altar of Sif Muna.
    45 | D        | Found a viscous altar of Jiyva.
    45 | D        | Found a hazy altar of Hepliaklqana.
    45 | D        | Found an opulent altar of Gozag.
    46 | D        | Found a glowing golden altar of the Shining One.
    46 | D        | Found a glowing silver altar of Zin.
    46 | D        | Found a basalt altar of Yredelemnul.
    46 | D        | Found a shimmering altar of Xom.
    46 | D        | Found an ornate altar of the Wu Jian Council.
    46 | D        | Found a sacrificial altar of Ru.
    46 | D        | Found a stormy altar of Qazlal.
    46 | D        | Found an iron altar of Okawaru.
    46 | D        | Found a sparkling altar of Nemelex Xobeh.
    46 | D        | Found a burning altar of Makhleb.
    46 | D        | Found a blossoming altar of Fedhas.
    46 | D        | Found a white marble altar of Elyvilon.
    46 | D        | Found a shadowy altar of Dithmenos.
    46 | D        | Found a snail-covered altar of Cheibriados.
    49 | D        | Found a corrupted altar of Lugonu.
    49 | D        | Found a radiant altar of Vehumet.
    50 | D        | Found an ancient bone altar of Kikubaaqudgha.
    50 | D        | Found a hide-covered altar of Uskayaw.
    50 | D        | Found a broken altar of Ashenzari.
    57 | D        | Became a worshipper of Cheibriados the Contemplative
    80 | D        | Reached skill level 2 in Invocations
    80 | D        | Reached XP level 2. HP: 18/24 MP: 1/3
   149 | D        | Reached * piety under Cheibriados
   178 | D        | Reached ** piety under Cheibriados
   179 | D        | Reached skill level 5 in Shields
   179 | D        | Reached skill level 3 in Invocations
   400 | D        | Noticed a scorpion
   411 | D        | Killed a scorpion
   412 | D        | Reached skill level 5 in Long Blades
   412 | D        | Reached skill level 5 in Invocations
   412 | D        | Reached XP level 3. HP: 4/29 MP: 5/7
   412 | D        | Reached XP level 4. HP: 4/35 MP: 5/8
   694 | D        | Reached *** piety under Cheibriados
   701 | D        | Reached **** piety under Cheibriados
   789 | D        | Noticed a gnoll sergeant
   789 | D        | Noticed a floating eye
   807 | D        | Killed a gnoll sergeant
   807 | D        | Reached ***** piety under Cheibriados
   808 | D        | Reached skill level 6 in Invocations
   808 | D        | Reached XP level 5. HP: 15/43 MP: 3/9
   811 | D        | Killed a floating eye
   812 | D        | Reached skill level 5 in Fighting
   812 | D        | Reached skill level 5 in Armour
   812 | D        | Reached skill level 7 in Invocations
   812 | D        | Reached XP level 6. HP: 19/51 MP: 3/11
  1023 | D        | Noticed Sigmund
  1032 | D        | Killed Sigmund
  1033 | D        | Reached skill level 8 in Invocations
  1033 | D        | Reached XP level 7. HP: 55/59 MP: 7/13
  1080 | D        | Noticed an orc high priest
  1081 | D        | Noticed a red devil
  1083 | D        | Noticed an orange demon
  1083 | D        | Noticed a sixfirhy
  1083 | D        | HP: 1/59 [orc high priest/divine providence (13)]
  1086 | D        | Noticed a soul eater
  1086 | D        | Killed an orc high priest
  1087 | D        | Reached skill level 10 in Invocations
  1087 | D        | Reached XP level 8. HP: 34/69 MP: 8/15
  1352 | D        | Noticed Edmund
  1371 | D        | Killed Edmund
  1746 | D        | Noticed a rime drake
  1747 | D        | Reached ****** piety under Cheibriados
  1749 | D        | Reached XP level 9. HP: 76/76 MP: 5/17
  1749 | D        | Killed a rime drake
  1750 | D        | Reached skill level 11 in Invocations
  1891 | D        | Noticed a deep elf pyromancer
  1903 | D        | Killed a deep elf pyromancer
  1904 | D        | Reached skill level 10 in Fighting
  1904 | D        | Reached skill level 10 in Long Blades
  1904 | D        | Reached skill level 10 in Armour
  2201 | D        | Noticed a hellwing
  2201 | D        | Noticed a deep elf pyromancer
  2215 | D        | Killed a hellwing
  2216 | D        | Reached skill level 12 in Invocations
  2224 | D        | Killed a deep elf pyromancer
  2225 | D        | Reached XP level 10. HP: 31/86 MP: 19/19
  2453 | D        | Noticed a flayed ghost
  2453 | D        | Noticed an elephant
  2467 | D        | Killed a flayed ghost
  2471 | D        | Killed an elephant
  2472 | D        | Reached skill level 13 in Invocations
  2627 | D        | Noticed Joseph
  2637 | D        | Killed Joseph
  2783 | D        | Noticed a cane toad
  2789 | D        | Killed a cane toad
  2790 | D        | Noticed a swamp dragon
  2810 | D        | Killed a swamp dragon
  2811 | D        | Reached skill level 10 in Dodging
  2811 | D        | Reached XP level 11. HP: 28/96 MP: 10/21
  3078 | D        | Noticed a sea snake
  3078 | D        | Noticed an elephant
  3079 | D        | Noticed a merfolk avatar
  3081 | D        | Reached skill level 14 in Invocations
  3082 | D        | Killed a sea snake
  3084 | D        | Killed an elephant
  3086 | D        | Killed a merfolk avatar
  3168 | D        | Noticed Pikel
  3170 | D        | Reached skill level 15 in Invocations
  3170 | D        | Killed Pikel
  3264 | D        | Noticed a lindwurm
  3265 | D        | Noticed a fire crab
  3265 | D        | Noticed a fire crab
  3269 | D        | Killed a fire crab
  3269 | D        | Killed a fire crab
  3269 | D        | Killed a lindwurm
  3270 | D        | Reached XP level 12. HP: 96/107 MP: 7/23
  3569 | D        | Reached skill level 16 in Invocations
  3726 | D        | Noticed a spriggan druid
  3726 | D        | Noticed a deep elf death mage
  3726 | D        | Noticed a deep troll shaman
  3726 | D        | Noticed a deep troll earth mage
  3726 | D        | Noticed a deep troll
  3726 | D        | Noticed an iron troll
  3726 | D        | Noticed a seven-headed hydra
  3727 | D        | Killed a spriggan druid
  3729 | D        | Killed a deep troll shaman
  3729 | D        | Killed a deep troll
  3729 | D        | Killed a deep troll earth mage
  3730 | D        | Reached skill level 10 in Shields
  3730 | D        | Killed a deep elf death mage
  3730 | D        | Killed a seven-headed hydra
  3731 | D        | Reached skill level 15 in Fighting
  3731 | D        | Reached skill level 15 in Armour
  3741 | D        | Killed an iron troll
  3752 | D        | Got the +7 shortbow "Qehigats" {venom, rCorr}
  3928 | D        | Noticed a sixfirhy
  3928 | D        | Noticed a sun demon
  3928 | D        | Noticed a death yak
  3928 | D        | Noticed a death yak
  3931 | D        | Noticed a death yak
  3935 | D        | Killed a death yak
  3936 | D        | Reached skill level 1 in Crossbows
  3941 | D        | Noticed a merfolk avatar
  3945 | D        | Killed a sun demon
  3946 | D        | Reached skill level 17 in Invocations
  3946 | D        | Reached XP level 13. HP: 83/116 MP: 25/25
  3948 | D        | Noticed an eidolon
  3952 | D        | Killed a merfolk avatar
  3954 | D        | Noticed a frost giant
  3955 | D        | Killed an eidolon
  3956 | D        | Reached skill level 5 in Crossbows
  3968 | D        | Killed a frost giant
  3971 | D        | Identified the +6 mace of Tarottas {elec, rC+ Str-2 Int+4}
  3993 | D        | Reached skill level 18 in Invocations
  4295 | D        | Noticed a nagaraja
  4310 | D        | Killed a nagaraja
  4311 | D        | Reached skill level 1 in Evocations
  4682 | D        | Noticed a vampire knight
  4693 | D        | Killed a vampire knight
  4915 | D        | Noticed an orc warlord
  4915 | D        | Noticed an orc warlord
  4917 | D        | Noticed a death cob
  4919 | D        | Killed a death cob
  4919 | D        | Noticed a purple draconian
  4920 | D        | Reached skill level 5 in Evocations
  4920 | D        | Reached XP level 14. HP: 128/128 MP: 6/27
  4922 | D        | Killed an orc warlord
  4923 | D        | Reached skill level 19 in Invocations
  4923 | D        | Killed an orc warlord
  4938 | D        | Killed a purple draconian
  4939 | D        | Mangled by a naga warrior

Illustrated notes

Levels and vault maps discovered:
D:        pitsprint [storerooms_1, entrance_room_1, metal_vault_2, armoury_3,
          mini_pit_1, grid_room_1, main_hall_1, silver_pit, the_coven_2,
          the_vestibule_1, steel_vault_4, golden_pit, hallway_of_sentries,
          crystal_vault_1, iron_vault_4, final_vault]

Skill      XL: |  1  2  3  4  5  6  7  8  9 10 11 12 13 14 |
---------------+-------------------------------------------+-----
Long Blades    | 3 5 6 7 8 9 10 12 13 14 | 14.5
Shields        | 4 6 9 11 14 | 14.7
Invocations    | 2 5 6 7 8 10 12 13 15 17 18 19 | 19.2
Fighting       | 4 5 6 8 9 10 12 14 15 17 | 17.5
Armour         | 4 5 6 8 9 10 12 14 15 17 | 17.4
Dodging        | 2 3 4 6 8 10 11 12 14 | 14.6
Crossbows      | 2 7 8 |  8.6
Evocations     | 5 6 |  6.3

Action                   |  1- 3 |  4- 6 |  7- 9 | 10-12 | 13-15 || total
-------------------------+-------+-------+-------+-------+-------++-------
Melee: Long sword        |    33 |    34 |    25 |       |     9 ||   101
       Scimitar          |       |       |    27 |   114 |    70 ||   211
Invok: Slouch            |       |     2 |     7 |    16 |    17 ||    42
  Use: Potion            |       |       |     2 |     6 |     9 ||    17
       Scroll            |       |       |       |       |     1 ||     1
 Stab: Sleeping          |       |       |       |     1 |       ||     1
Armor: Scale mail        |    17 |    26 |       |       |       ||    43
       Chain mail        |       |    33 |     7 |       |       ||    40
       Ring mail         |       |       |    15 |    32 |     4 ||    51
Dodge: Dodged            |    16 |    44 |    45 |   104 |    58 ||   267
Block: Buckler           |    11 |    31 |    14 |    49 |    38 ||   143

Table legend: (Time is in decaauts)
 A = Elapsed time spent in this place.
 B = Non-inter-level travel time spent in this place.
 C = Inter-level travel time spent in this place.
 D = Time resting spent in this place.
 E = Time spent auto-exploring this place.
 F = Levels seen in this place.
 G = Mean time per level.
                   A        B        C        D        E       F      G
               +--------+--------+--------+--------+--------+-----+--------+
         Total |   5609 |   5520 |     89 |   3428 |    190 |   1 | 5609.0 |
       Dungeon |   5609 |   5520 |     89 |   3428 |    190 |   1 | 5609.0 |
               +--------+--------+--------+--------+--------+-----+--------+

Top non-repeatable levels by time:
       D: 5609 daAuts
